 Dungeon Crawl Stone Soup version 0.29-a0-1047-g7c58e119a4 (webtiles) character file.

Game seed: 7442145143061778348

4934 siradein the Fighter (level 10, -7/94 HPs)
             Began as a Ghoul Fighter on Aug 16, 2022.
             Was an Initiate of Gozag.
             Mangled by an orc warrior
             ... wielding a +0 broad axe
              (9 damage)
             ... on level 8 of the Dungeon.
             The game lasted 00:15:55 (8255 turns).

siradein the Fighter (Ghoul Fighter)                Turns: 8255, Time: 00:15:56

Health: -7/94      AC: 14    Str: 25    XL:     10   Next: 52%
Magic:  9/9        EV:  6    Int:  3    God:    Gozag
Gold:   1115       SH:  9    Dex:  8    Spells: 9/9 levels left

rFire   . . .      SeeInvis .   w - +0 morningstar
rCold   + . .      Faith    .   f - +0 kite shield
rNeg    + + +      Spirit   .   o - +0 chain mail
rPois   ∞          Reflect  .   i - +0 helmet
rElec   .          Harm     .   (no cloak)
rCorr   .          Rampage  .   (no gloves)
Will    +....                   (no boots)
Stlth   ..........              y - amulet of regeneration
HPRegen 0.00/turn               k - ring of willpower
MPRegen 0.11/turn               G - +4 ring of protection

@: inhibited regen
A: claws 1, cold resistance 1, negative energy resistance 3, inhibited
regeneration, torment resistance 2, devour on kill
a: Renounce Religion, Potion Petition, Call Merchant, Bribe Branch


You were on level 8 of the Dungeon.
You worshipped Gozag.
Gozag was most pleased with you.
You visited 1 branch of the dungeon, and saw 8 of its levels.

You collected 1190 gold pieces.
You paid 75 gold pieces to Gozag.

Inventory:

Hand Weapons
 w - a +0 morningstar (weapon)
Missiles
 a - 2 boomerangs
 q - 4 silver boomerangs (quivered)
Armour
 f - a +0 kite shield (worn)
 i - a +0 helmet (worn)
 o - a +0 chain mail (worn)
Jewellery
 j - a ring of resist corrosion
 k - a ring of willpower (left claw)
 y - an amulet of regeneration (around neck)
 G - a +4 ring of protection (right claw)
Wands
 x - a wand of charming (9)
Scrolls
 b - a scroll of brand weapon {unknown}
 e - 7 scrolls of teleportation
 h - a scroll of blinking
 l - 3 scrolls of noise {unknown}
 m - 2 scrolls of silence {unknown}
 n - 2 scrolls of vulnerability
 p - 2 scrolls of fog {unknown}
 u - a scroll of poison
 A - 3 scrolls of summoning
 B - a scroll of immolation
 D - a scroll of magic mapping
Potions
 c - a potion of haste
 d - 4 potions of might
 g - 2 potions of ambrosia
 r - 4 potions of brilliance
 s - 2 potions of curing
 t - 3 potions of heal wounds
 v - 2 potions of cancellation {unknown}
 z - a potion of mutation {unknown}
 E - a potion of lignification {unknown}
 F - 2 potions of flight {unknown}


   Skills:
 + Level 10.8 Fighting
 + Level 8.8 Maces & Flails
 - Level 2.6 Armour
 + Level 7.3 Shields


You had 9 spell levels left.
You didn't know any spells.
Your spell library contained the following spells:

 Spells                   Type           Power      Damage    Failure   Level
 Summon Small Mammal      Summ           0%         N/A       100%        1
 Ensorcelled Hibernation  Hex/Ice        0%         N/A       100%        2
 Call Canine Familiar     Summ           0%         N/A       100%        3
 Ignite Poison            Fire/Tmut/Pois 0%         N/A       100%        3
 Mephitic Cloud           Conj/Pois/Air  0%         N/A       100%        3
 Summon Guardian Golem    Hex/Summ       0%         N/A       100%        3
 Anguish                  Hex/Necr       0%         N/A       100%        4
 Freezing Cloud           Conj/Ice/Air   0%         6-21      100%        5
 Spider Form              Tmut/Pois      Unusable   N/A       N/A         3

Dungeon Overview and Level Annotations

Branches:
Dungeon (8/15)             Temple (0/1) D:7
   Lair: D:8-11

Altars:
Gozag
Kikubaaqudgha


Innate Abilities, Weirdness & Mutations

You are immune to poison.
You have sharp fingernails.
Your flesh is cold resistant. (rC+)
You are immune to negative energy. (rN+++)
You do not regenerate when monsters are visible.
You are immune to unholy pain and torment.
You thrive by killing the living.


Message History

The orc is distracted by your dazzling golden aura. x2
The orc attacks as you move away! The orc hits you but does no damage.
The orc is no longer distracted by gold.
The orc warrior is distracted by your dazzling golden aura.
You see here 6 stones.
The orc warrior shouts!
You hit the orc.
You kill the orc!
You hear a shout!
The orc is distracted by your dazzling golden aura.
The orc hits you from afar with a +0 trident.
The orc shouts!
You see here 8 stones.
The orc warrior is no longer distracted by gold.
The orc hits you with a +0 trident.
* * * LOW HITPOINT WARNING * * *
You see here 6 stones.
You closely miss the orc.
You hit the orc warrior but do no damage.
The orc is no longer distracted by gold.
The orc hits you but does no damage.
The orc is distracted by your dazzling golden aura.
You puncture the orc warrior!
The orc warrior is moderately wounded.
The orc warrior barely misses you. You block the orc's attack.
You barely miss the orc warrior.
The orc warrior is moderately wounded.
The orc is no longer distracted by gold.
You block the orc warrior's attack. You block the orc's attack.
You hit the orc warrior but do no damage.
The orc warrior is moderately wounded.
The orc warrior hits you with a +0 broad axe!!
* * * LOW HITPOINT WARNING * * *
You hit the orc warrior but do no damage.
The orc warrior is moderately wounded.
The orc warrior hits you with a +0 broad axe.
* * * LOW HITPOINT WARNING * * *
The orc warrior hits you with a +0 broad axe!
You die...
Your body crumbles into a pile of gold.

.)....#
##..g##.##.##
#####.# ##.## .#
......#######.###.#
..#.........h.....#
........#####.##..#
..#...........##..#
........########..#
#####...........(.#
..#.#.#.########@##
..#...#.# #o#
......#.# #o# $
###...#.#


#oo $ ##.##.# #oo. #.##.# #)##o$ $ #.##.# #.# oo #.##.# #.# o. ####.##.# #.# ##
You could see 2 orc warriors and 4 orcs.

Vanquished Creatures
  Grinder (D:3)
  Prince Ribbit (D:7)
  A wyvern (D:8)
  Grum (D:7)
  11 yaks
  An ice beast (D:7)
  2 orc warriors
  3 black bears
  2 wolves
  2 centaurs (D:7)
  4 phantoms
  A necrophage (D:7)
  5 bullfrogs
  A gnoll sergeant (D:7)
  3 scorpions
  5 wights (D:7)
  4 hounds
  An orc priest (D:3)
  3 jellies
  A gnoll bouda (D:5)
  3 iguanas (D:6)
  4 orc wizards
  8 gnolls
  3 adders
  An ufetubus (D:3)
  2 dart slugs
  2 worms (D:2)
  23 orcs
  3 bat zombies (D:7)
  11 endoplasms
  2 giant cockroaches (D:2)
  9 hobgoblins
  10 kobolds
  5 quokkas
  11 ball pythons
  A bat (D:2)
  2 frilled lizards (D:1)
  11 goblins
  A rat (D:1)
  3 rat zombies (D:7)
168 creatures vanquished.

Notes
Turn   | Place    | Note
-------+----------+-------------------------------------------
     0 | D:1      | siradein the Ghoul Fighter began the quest for the Orb.
     0 | D:1      | Reached XP level 1. HP: 19/19 MP: 0/0
   171 | D:1      | Found a faded altar of an unknown god.
   188 | D:1      | Reached XP level 2. HP: 26/26 MP: 1/1
   879 | D:2      | Reached XP level 3. HP: 33/33 MP: 2/2
   892 | D:2      | Reached skill level 4 in Fighting
  1287 | D:2      | Reached XP level 4. HP: 40/41 MP: 3/3
  1972 | D:3      | Reached skill level 5 in Fighting
  1972 | D:3      | Reached XP level 5. HP: 14/48 MP: 4/4
  2398 | D:3      | Noticed Grinder
  2399 | D:3      | Paralysed by Grinder for 5 turns
  2431 | D:3      | Killed Grinder
  2432 | D:3      | Reached XP level 6. HP: 28/57 MP: 5/5
  2626 | D:3      | Reached skill level 6 in Fighting
  3312 | D:4      | Found an opulent altar of Gozag.
  3387 | D:4      | Noticed a black bear
  3400 | D:4      | Reached XP level 7. HP: 28/64 MP: 6/6
  3410 | D:4      | Reached skill level 5 in Maces & Flails
  3471 | D:4      | Became a worshipper of Gozag Ym Sagoz the Greedy
  3740 | D:4      | Reached skill level 7 in Fighting
  4250 | D:5      | Entered Level 5 of the Dungeon
  4380 | D:5      | Noticed a yak
  4380 | D:5      | Noticed a yak
  4380 | D:5      | Noticed a yak
  4380 | D:5      | Noticed a yak
  4412 | D:5      | Killed a yak
  4413 | D:5      | Reached XP level 8. HP: 57/73 MP: 7/7
  4690 | D:5      | Reached skill level 8 in Fighting
  5142 | D:5      | Noticed a yak
  5144 | D:5      | Noticed a yak
  5157 | D:5      | Killed a yak
  5165 | D:5      | Killed a yak
  5166 | D:5      | Reached XP level 9. HP: 4/82 MP: 8/8
  5171 | D:5      | HP: 2/82 [yak (12)]
  5173 | D:5      | Reached skill level 5 in Shields
  5625 | D:5      | Reached skill level 9 in Fighting
  6779 | D:7      | Found a staircase to the Ecumenical Temple.
  6909 | D:7      | Reached skill level 10 in Fighting
  6916 | D:7      | Reached XP level 10. HP: 57/93 MP: 9/9
  7031 | D:7      | Found an ancient bone altar of Kikubaaqudgha.
  7083 | D:7      | Noticed Prince Ribbit
  7198 | D:7      | Killed Prince Ribbit
  8058 | D:8      | Noticed Grum
  8113 | D:7      | Killed Grum
  8255 | D:8      | HP: 2/94 [orc warrior/+0 broad axe (6)]
  8255 | D:8      | Mangled by an orc warrior

Illustrated notes

Levels and vault maps discovered:
D:1:      minmay_arrival_open_corners, layout_basic,
          chequers_ecumenical_altar_island
D:2:      layout_loops_cross, minmay_circle_x
D:3:      layout_loops_corners, kennysheep_big_empty_room, uniq_grinder
D:4:      layout_loops_ring, grunt_gozag_statues
D:5:      layout_basic
D:6:      layout_rooms, lemuel_another_geyser
D:7:      layout_cave_pods, overflow_temple_1_default,
          lemuel_zombie_altar_kikubaaqudgha, minmay_temple_entry_grid,
          uniq_prince_ribbit1
D:8:      layout_loops_ring, elyvilon_altar_3, special_room [special_room_orc],
          columned_hall_lemuel, uniq_gastronok, uniq_grum

Skill      XL: |  1  2  3  4  5  6  7  8  9 10 |
---------------+-------------------------------+-----
Maces & Flails | 2 3 4 5 6 8 |  8.8
Fighting       | 4 5 6 7 8 10 | 10.8
Shields        | 3 4 6 7 |  7.3
Armour         | |  2.6

Action                   |  1- 3 |  4- 6 |  7- 9 | 10-12 || total
-------------------------+-------+-------+-------+-------++-------
Melee: Flail             |   108 |   135 |    42 |       ||   285
       Morningstar       |       |       |   269 |   158 ||   427
  Use: Scroll            |     2 |     5 |     5 |     1 ||    13
       Potion            |       |       |     1 |       ||     1
 Stab: Distracted        |       |       |     1 |       ||     1
Armor: Scale mail        |    51 |     4 |       |       ||    55
       Chain mail        |       |    73 |   183 |    67 ||   323
Dodge: Dodged            |    32 |    36 |    81 |    41 ||   190
Block: Buckler           |     2 |       |       |       ||     2
       Kite shield       |    24 |    54 |   134 |    66 ||   278

Table legend: (Time is in decaauts)
 A = Elapsed time spent in this place.
 B = Non-inter-level travel time spent in this place.
 C = Inter-level travel time spent in this place.
 D = Time resting spent in this place.
 E = Time spent auto-exploring this place.
 F = Levels seen in this place.
 G = Mean time per level.
                   A        B        C        D        E       F      G
               +--------+--------+--------+--------+--------+-----+--------+
         Total |   8494 |   8204 |    290 |      0 |   6434 |   8 | 1061.8 |
       Dungeon |   8494 |   8204 |    290 |      0 |   6434 |   8 | 1061.8 |
               +--------+--------+--------+--------+--------+-----+--------+

Top non-repeatable levels by time:
     D:5: 1784 daAuts
     D:3: 1427 daAuts
     D:7: 1132 daAuts
     D:2: 1080 daAuts
     D:4: 980 daAuts
     D:1: 885 daAuts
     D:6: 716 daAuts
     D:8: 486 daAuts
